 Dungeon Crawl Stone Soup version 0.23.2-1-ga50397a (webtiles) character file.

Game seed: 10762272119248578934

51 Iscandelvey the Vexing (level 3, -1/26 HPs)
             Began as a Demonspawn Arcane Marksman on Apr 19, 2019.
             Slain by Natasha (3 damage)
             ... on level 2 of the Dungeon.
             The game lasted 00:01:06 (1554 turns).

Iscandelvey the Vexing (Demonspawn Arcane Marksman) Turns: 1554, Time: 00:01:07

Health: -1/26      AC:  2    Str: 10    XL:     3   Next: 57%
Magic:  4/4        EV: 12    Int: 15    God:
Gold:   97         SH:  0    Dex: 13    Spells: 3/4 levels left

rFire    . . .     SeeInvis .   a - +0 hand crossbow
rCold    . . .     Gourm    .   (no shield)
rNeg     . . .     Faith    .   e - +0 robe
rPois    .         Spirit   .   (no helmet)
rElec    .         Reflect  .   (no cloak)
rCorr    .         Harm     .   (no gloves)
MR       .....                  (no boots)
Stlth    ++........             (no amulet)
HPRegen  0.08/turn              (no ring)
MPRegen  0.09/turn              (no ring)

@: slowed, very slow
A: nightstalker 1
a: no special abilities


You were on level 2 of the Dungeon.
You were near starving.

You visited 1 branch of the dungeon, and saw 2 of its levels.

You collected 97 gold pieces.

Inventory:

Hand Weapons
 a - a +0 hand crossbow (weapon)
Missiles
 d - 16 bolts (quivered)
Armour
 e - a +0 robe (worn)
Jewellery
 g - an uncursed ring of fire {unknown}
 m - an uncursed amulet of faith {unknown}
Wands
 n - a wand of clouds (2)
Scrolls
 b - 3 scrolls of teleportation {unknown}
 j - 3 scrolls of remove curse {unknown}
 k - 2 scrolls of amnesia {unknown}
 l - a scroll of identify {unknown}
Potions
 c - a potion of degeneration {unknown}
 h - a potion of might {unknown}
 i - a potion of haste {unknown}
 o - a potion of curing {unknown}
Comestibles
 f - 2 rations


   Skills:
 + Level 1.3 Fighting
 + Level 2.8 Crossbows
 + Level 2.1 Dodging
 + Level 1.0 Spellcasting
 + Level 3.5 Hexes


You had 3 spell levels left.
You knew the following spells:

 Your Spells              Type           Power        Failure   Level  Hunger
a - Corona                Hex            ##.....      6%          1    ##.....

Your spell library contained the following spells:

 Spells                   Type           Power        Failure   Level  Hunger
 Slow                     Hex            ##......     9%          2    ###....
 Inner Flame              Hex/Fire       #.......     34%         3    ####...
 Portal Projectile        Hex/Tloc       #.....       34%         3    ####...
 Cause Fear               Hex            ##........   50%         4    #####..
 Leda's Liquefaction      Hex/Erth       #.........   75%         4    #####..


Dungeon Overview and Level Annotations

Branches:
Dungeon (2/15)

Altars:

Annotations:
D:2 Natasha


Innate Abilities, Weirdness & Mutations

You are slightly more attuned to the shadows.


Message History

Press: ? - help, Shift-Dir - straight line, f/p - Natasha
Aim: Natasha (moderately wounded)
You shoot a bolt. The bolt closely misses Natasha.
Natasha barely misses you. Natasha casts a spell at you.
The magic dart hits you!
* * * LOW HITPOINT WARNING * * *
The crimson imp blinks!
Natasha claws you but does no damage.
Firing (i - inventory)
d - 18 bolts (quivered)
Press: ? - help, Shift-Dir - straight line, f/p - Natasha
Aim: Natasha (moderately wounded)
You shoot a bolt. The bolt closely misses Natasha.
Natasha barely misses you.
Natasha casts a spell.
Firing (i - inventory)
d - 17 bolts (quivered)
Press: ? - help, Shift-Dir - straight line, f/p - Natasha
Aim: Natasha (moderately wounded)
You shoot a bolt.
The bolt hits Natasha but does no damage.
Natasha is moderately wounded.
Natasha claws you.
You die...

....#
....#
....# .(#
##### #.##
...# ###
##(.# #.#
55. #.#
### #h#
####.#
#.###@###
.....#
#.......#
.#####
#.#######
.# #.# .#
#.# .##
#.# ..#
#.#
..########
#.####
.........#
#....#


You could see an iron imp, Natasha and a crimson imp.

Vanquished Creatures
  An adder (D:2)
  4 dart slugs (D:1)
  A leopard gecko (D:1)
  3 giant cockroaches
  4 goblins
  3 hobgoblins
  5 bats
  A frilled lizard (D:2)
  7 kobolds
  4 rats
33 creatures vanquished.

Notes
Turn   | Place    | Note
-------+----------+-------------------------------------------
     0 | D:1      | Iscandelvey the Demonspawn Arcane Marksman began the quest
                  | for the Orb.
     0 | D:1      | Reached XP level 1. HP: 15/15 MP: 2/2
   373 | D:1      | Gained mutation: You are slightly more attuned to the
                  | shadows. [demonic ancestry]
   373 | D:1      | Reached XP level 2. HP: 18/21 MP: 3/3
   879 | D:2      | Reached XP level 3. HP: 26/26 MP: 4/4
  1544 | D:2      | Noticed Natasha
  1554 | D:2      | Slain by Natasha

Skill      XL: |  1  2 |
---------------+-------+-----
Crossbows      | 2 |  2.8
Dodging        | 2 |  2.1
Fighting       | |  1.3
Spellcasting   | |  1.0
Hexes          | |  3.5

Action                   || total
-------------------------++-------
 Fire: Hand crossbow     ||    97
Armor: Robe              ||    10
Dodge: Dodged            ||    28
